 Dungeon Crawl Stone Soup version 0.18.1-50-g88ac8fd (webtiles) character file.

349 GreyTheWise the Shield-Bearer (level 6, 0/48 HPs)
             Began as a Formicid Fighter on Mar 24, 2017.
             Slain by ubername's ghost (8 damage)
             ... on level 4 of the Dungeon.
             The game lasted 00:18:42 (2473 turns).

GreyTheWise the Shield-Bearer (Formicid Fighter)    Turns: 2473, Time: 00:18:43

Health: 0/48       AC: 10    Str: 22    XL:     6   Next: 92%
Magic:  6/6        EV:  7    Int:  8    God:
Gold:   148        SH: 10    Dex: 10    Spells: 0 memorised, 5 levels left

rFire  . . .     SeeInvis +     h - +2 short sword (drain)
rCold  . . .     Gourm    .     t - +0 chain mail
rNeg   . . .     Faith    .     c - +0 shield
rPois  .         Spirit   .     (helmet unavailable)
rElec  .         Dismiss  .     n - +0 cloak
rCorr  .         Reflect  .     (no gloves)
SustAt .         Harm     .     (no boots)
MR     .....                    (no amulet)
Stlth  ..........               (no ring)
                                (no ring)

@: not resistant to hostile enchantments, extremely unstealthy
A: permanent stasis, dig shafts and tunnels, four strong arms, antennae 3
a: Dig, Shaft Self


You were on level 4 of the Dungeon.
You were hungry.

You visited 1 branch of the dungeon, and saw 4 of its levels.

You collected 148 gold pieces.

Inventory:

Hand Weapons
 b - a +0 arbalest
 h - a +2 short sword of draining (weapon)
Missiles
 i - 5 javelins (quivered)
 k - 16 bolts
 l - 9 tomahawks
Armour
 c - a +0 shield (worn)
 n - a +0 cloak (worn)
 t - a +0 chain mail (worn)
Jewellery
 q - an uncursed ring of teleportation
Wands
 r - a wand of polymorph (11/24)
Potions
 d - 2 potions of might
Comestibles
 f - 6 bread rations
 g - a chunk of flesh
 o - 5 fruits
 u - a meat ration


   Skills:
 + Level 4.2 Fighting
 + Level 1.2 Short Blades
   Level 2.3 Maces & Flails
 + Level 4.6 Armour
 + Level 2.2 Dodging
 + Level 5.8 Shields


You had 5 spell levels left.
You didn't know any spells.

Dungeon Overview and Level Annotations

Branches:
Dungeon (4/15)
 Temple: D:4-7

Altars:
Dithmenos

Shops:
D:4 =

Annotations:
D:4 ubername's ghost, amateur MfSk


Innate Abilities, Weirdness & Mutations

You are under a permanent stasis effect.
You can dig through walls and to a lower floor.
Your four strong arms can wield two-handed weapons with a shield.
You have a pair of large antennae on your head (SInv).


Message History

Ubername's ghost is severely damaged.
You block ubername's ghost's attack.
You closely miss ubername's ghost.
Ubername's ghost is severely damaged.
You block ubername's ghost's attack.
You closely miss ubername's ghost.
Ubername's ghost is severely damaged.
Ubername's ghost barely misses you.
You hit ubername's ghost but do no damage.
Ubername's ghost is severely damaged.
Ubername's ghost barely misses you.
You barely miss ubername's ghost.
Ubername's ghost is severely damaged.
Ubername's ghost hits you.
* * * LOW HITPOINT WARNING * * *
Ubername's ghost hits you but does no damage.
You hit ubername's ghost but do no damage.
Ubername's ghost is severely damaged.
Ubername's ghost hits you!
You die...

### #.# #.# #######.# ..#
.......@# # #.# #######W# #.#
#.#. #.# .##.#. ..#.
#.####.......##.#.
###############.#..$...#........
.......>...............[.....<#.
#######.#######.#.#...........#.
#.# #.#.# ....####.#. #.# #.#.#
...........


You could see ubername's ghost.

Vanquished Creatures
  A howler monkey (D:4)
  2 orc wizards (D:3)
  A centaur skeleton (D:4)
  A worker ant (D:4)
  8 adders
  3 river rats (D:3)
  2 oozes (D:1)
  4 worms
  2 dart slugs
  3 giant geckos
  7 orcs (D:3)
  5 bats
  5 giant cockroaches
  6 hobgoblins
  3 jackals (D:4)
  7 kobolds
  A quokka (D:2)
  2 ball pythons
  5 giant newts
  4 goblins
  11 rats
83 creatures vanquished.

Notes
Turn   | Place    | Note
--------------------------------------------------------------
     0 | D:1      | GreyTheWise the Formicid Fighter began the quest for the Orb.
     0 | D:1      | Reached XP level 1. HP: 18/18 MP: 1/1
    84 | D:1      | Reached skill level 4 in Shields
    84 | D:1      | Reached XP level 2. HP: 20/24 MP: 2/2
   416 | D:1      | Reached XP level 3. HP: 28/29 MP: 3/3
   946 | D:2      | Reached XP level 4. HP: 37/37 MP: 4/4
   970 | D:2      | Reached skill level 1 in Dodging
  1432 | D:3      | Reached XP level 5. HP: 24/42 MP: 5/5
  1443 | D:3      | Reached skill level 5 in Shields
  1635 | D:3      | Found a shadowy altar of Dithmenos.
  1846 | D:3      | Reached skill level 1 in Short Blades
  1846 | D:3      | Reached XP level 6. HP: 48/48 MP: 6/6
  2286 | D:4      | Found Ixoseg's Jewellery Shop.
  2423 | D:4      | Noticed ubername's ghost (amateur MfSk)
  2473 | D:4      | Slain by ubername's ghost

Skill      XL: |  1  2  3  4  5  6 |
---------------+-------------------+-----
Shields        | 4 5 |  5.8
Dodging        | 1 2 |  2.2
Armour         | 4 |  4.6
Fighting       | 4 |  4.2
Short Blades   | 1 |  1.2
Maces & Flails | |  2.3

Action                   |  1- 3 |  4- 6 || total
-------------------------+-------+-------++-------
Melee: Flail             |    28 |       ||    28
       Short sword       |    53 |   271 ||   324
  Use: Potion            |       |     4 ||     4
       Scroll            |       |     4 ||     4
  Eat: Chunk             |       |     5 ||     5
Armor: Scale mail        |    32 |    78 ||   110
       Chain mail        |       |    26 ||    26
Dodge: Dodged            |    22 |    89 ||   111
Block: Shield            |    36 |   131 ||   167
